 Dungeon Crawl Stone Soup version 0.30-a0-937-ga0a21ad780 (webtiles) character file.

Game seed: 11676858708884837975

17856 Demosthentine the Fighter (level 12, -5/88 HPs)
             Began as a Demonspawn Gladiator on Mar 24, 2023.
             Was a High Priest of Hepliaklqana.
             Slain by a fire elemental (9 damage)
             ... summoned by a deep elf pyromancer
             ... on level 12 of the Dungeon on Mar 25, 2023.
             The game lasted 00:14:02 (11625 turns).

Demosthentine the Fighter (Demonspawn Gladiator)   Turns: 11625, Time: 00:14:02

Health: -5/88      AC: 17    Str: 17    XL:     12   Next: 22%
Magic:  0/19       EV: 17    Int:  7    God:    Hepliaklqana [*****.]
Gold:   1302       SH:  0    Dex: 18    Spells: 11/11 levels left

rFire   . . .      SeeInvis .    a - +6 spear (venom)
rCold   . . .      Faith    .    (no shield)
rNeg    . . .      Spirit   +    N - +0 troll leather armour
rPois   +          Reflect  .    A - +2 helmet
rElec   .          Rampage  .    v - +0 cloak
rCorr   +                        k - +1 pair of gloves
Will    .....                    r - +2 pair of boots
Stlth   +                        O - amulet of guardian spirit
HPRegen 1.14/turn                j - ring of resist corrosion
MPRegen 0.16/turn                s - ring of poison resistance

@: no status effects
A: reduced essence, molten scales 1, powered by pain 1, spiny 1, weakness
stinger 2, talons 1, dopey 1
a: Renounce Religion, Recall Ancestor, Ancestor Identity, Transference, Idealise


You were on level 12 of the Dungeon.
You worshipped Hepliaklqana.
Hepliaklqana was extremely pleased with you.
You visited 2 branches of the dungeon, and saw 13 of its levels.
You also visited: Sewer and Bailey.

You collected 1394 gold pieces.
You spent 92 gold pieces at shops.

Inventory:

Hand Weapons
 a - a +6 spear of venom (weapon)
Missiles
 d - a throwing net (quivered)
 e - 5 javelins
 m - 2 curare-tipped darts
 n - 77 poisoned darts
Armour
 k - a +1 pair of gloves (worn)
 r - a +2 pair of boots (worn)
 v - a +0 cloak (worn)
 A - a +2 helmet (worn)
 N - a +0 troll leather armour (worn)
Jewellery
 j - a ring of resist corrosion (left hand)
 s - a ring of poison resistance (right hand)
 t - a ring of protection from fire
 C - the ring "Gedojyda" {Ice Will+ Dex+2}
   (You found it on level 5 of the Dungeon)

   [ring of ice]

   It enhances your ice magic.
   Dex:       It affects your dexterity (+2).
   rF:        It makes you vulnerable to fire.
   rC:        It protects you from cold.
   Will:      It increases your willpower.
 O - an amulet of guardian spirit (around neck)
Wands
 b - a wand of light (2)
 i - a wand of flame (54)
 x - a wand of paralysis (46)
 y - a wand of polymorph (20)
 E - a wand of roots (13)
 G - a wand of mindburst (26)
Scrolls
 g - 5 scrolls of amnesia
 D - 4 scrolls of teleportation
 F - 3 scrolls of fear
 H - a scroll of enchant armour
 I - 4 scrolls of fog
 J - 7 scrolls of identify
 K - a scroll of enchant weapon
 L - 2 scrolls of poison
Potions
 c - 2 potions of haste
 f - 5 potions of brilliance
 h - a potion of ambrosia
 l - 6 potions of curing
 o - 4 potions of lignification
 p - a potion of attraction
 u - 2 potions of invisibility
 w - a potion of might
 z - a potion of magic
 B - a potion of cancellation
 M - 3 potions of mutation
 P - a potion of flight {unknown}


   Skills:
 + Level 10.4 Fighting
 + Level 9.8 Polearms
 - Level 1.7 Throwing
 - Level 6.1 Armour
 + Level 9.8 Dodging
 + Level 9.8 Invocations


You had 11 spell levels left.
You didn't know any spells.
Your spell library contained the following spells:

 Spells                   Type           Power      Damage    Failure   Level
 Beastly Appendage        Tmut           0%         N/A       50%         1
 Blink                    Tloc           0%         N/A       63%         2
 Lesser Beckoning         Tloc           0%         N/A       63%         2
 Momentum Strike          Conj/Tloc      0%         3d8       63%         2
 Static Discharge         Conj/Air       0%         2-2/arc   63%         2
 Wereblood                Tmut           0%         N/A       63%         2
 Dazzling Flash           Conj/Hex       0%         N/A       86%         3
 Spider Form              Tmut/Pois      0%         N/A       86%         3
 Stone Arrow              Conj/Erth      0%         3d7       86%         3
 Vhi's Electric Charge    Tloc/Air       0%         N/A       86%         3
 Animate Armour           Summ/Erth      0%         N/A       99%         4
 Cause Fear               Hex            0%         N/A       99%         4
 Iskenderun's Mystic Bla  Conj/Tloc      0%         2d3       99%         4
 Arcjolt                  Conj/Air       0%         1d10      100%        5
 Plasma Beam              Fire/Air       0%         2x1d11    100%        5
 Starburst                Conj/Fire      0%         6d3       100%        6
 Dragon Form              Tmut           0%         N/A       100%        7
 Lehudib's Crystal Spear  Conj/Erth      0%         10d2      100%        8
 Dragon's Call            Summ           0%         N/A       100%        9


Dungeon Overview and Level Annotations

Branches:
Dungeon (12/15)            Temple (1/1) D:4            Lair (0/5) D:10
    Orc (0/2) D:9           Sewer (visited)          Bailey (visited)

Altars:
Ashenzari
Cheibriados
Dithmenos
Fedhas
Gozag
Hepliaklqana
Kikubaaqudgha
Makhleb
Nemelex Xobeh
Okawaru
Qazlal
Ru
Sif Muna
Trog
Uskayaw
Vehumet
Wu Jian
Xom
Yredelemnul

Shops:
D:7 (   D:8 *(=*   D:9 =

Portals:
Trove: D:10 (give 15 potions of curing)

Annotations:
D:12 Erolcha


Innate Abilities, Weirdness & Mutations

Your life essence is reduced to manifest your ancestor. (-10% HP)
You are partially covered in molten scales. (AC +2)
You sometimes gain a little power by taking damage.
You are partially covered in sharp spines.
You have a tail ending in a sharp stinger.
You have sharp toenails.
You are dopey. (Int -2)


Message History

Okay, then.
Okay, then.
You feel much better.
The fire elemental is struck by your spines.
The fire elemental hits you. The fire elemental burns you!
The fire elemental is struck by your spines.
The fire elemental misses you. Erolcha is struck by your spines.
Erolcha closely misses you. The fire elemental hits you.
The fire elemental burns you!
The deep elf pyromancer gestures wildly while chanting.
The deep elf pyromancer blinks!
The fire elemental hits you. The fire elemental burns you!
The fire elemental hits you. The fire elemental burns you!
* * * LOW HITPOINT WARNING * * *
You hit Erolcha.
Erolcha looks as sick as possible!
Your tail-slap misses Erolcha.
Erolcha is severely wounded.
The fire elemental is struck by your spines.
The fire elemental closely misses you. The fire elemental hits you.
The fire elemental burns you!
* * * LOW HITPOINT WARNING * * *
As you read the scroll of fear, it crumbles to dust.
You assume a fearsome visage.
Erolcha looks frightened!
The fire elemental is unaffected.
The deep elf pyromancer easily resists.
The fire elemental is unaffected. x2; The fire elemental misses you.
Erolcha gestures wildly while chanting.
Erolcha flickers and vanishes!
Deactivating autopickup; reactivate with Ctrl-A.
Vusi hits the fire elemental with a +0 dagger of draining.
The fire elemental is struck by your spines.
You destroy the fire elemental!
The fire elemental disappears in a puff of smoke!
The fire elemental hits you. The fire elemental burns you!
* * * LOW HITPOINT WARNING * * *
Vusi hits the fire elemental with a +0 dagger of draining!
The fire elemental is destroyed!
The fire elemental disappears in a puff of smoke!
The fire elemental is struck by your spines.
The fire elemental hits you. The fire elemental burns you!
You die...

######...............#
.....#...............#
.....#...............#
.....'..#######......#
.....#..# #......#
...###..# #....e.#
...#....# #......#
...#....# #.{R...#
...#....# #§@§...#
...#...## #..E.......
...#...# #..........
#..#...# #..........
#..#...# #..........
#'##...# #......####
.......# #......#
.......# #......#
.......#


You could see the friendly Vusi the hexer, a deep elf pyromancer and a fire
elemental (summoned).

Vanquished Creatures
  A two-headed ogre (D:9)
  A boulder beetle (D:12)
  3 manticores
  2 ugly things (D:12)
  Joseph (D:8)
  A cyclops (D:12)
  3 molten gargoyles (D:9)
  2 gargoyles
  3 trolls
  3 slime creatures (D:11)
  A shadow (D:12)
  3 yaks (D:9)
  7 vampire mosquitoes
  5 acid dragons
  A water moccasin (D:10)
  A sky beast (D:7)
  8 orc warriors
  An ice beast (D:6)
  3 black bears
  The ghost of osoart the Carver, an amateur GnWn (D:3)
  4 centaurs
  2 boggarts (D:12)
  A phantom (D:5)
  14 kobold brigands
  6 bullfrogs
  2 gnoll sergeants (D:8)
  A scorpion (D:5)
  12 wights
  2 killer bees (D:9)
  2 howler monkeys (D:10)
  4 hounds
  A jelly (D:6)
  4 orc priests
  2 sleepcaps (D:7)
  Jessica (D:3)
  An iguana (D:5)
  5 orc wizards
  A hexer (Bailey)
  Robin (D:3)
  14 gnolls
  9 adders
  3 river rats (Sewer)
  2 white imps
  2 ufetubi
  7 worms
  2 dart slugs
  10 orcs
  11 ball pythons
  5 bats
  12 endoplasms
  10 giant cockroaches
  20 goblins
  10 hobgoblins
  3 jackals (D:3)
  15 kobolds
  5 quokkas
  4 frilled lizards (D:1)
  5 rats
266 creatures vanquished.

Vanquished Creatures (collateral kills)
  Gastronok (D:10)
  A two-headed ogre (D:9)
  A manticore (D:12)
  A molten gargoyle (D:9)
  An unseen horror (D:11)
  A vampire (D:9)
  A shadow (D:12)
  A wyvern (D:10)
  A yak (D:10)
  A water moccasin (D:6)
  An orc warrior (D:12)
  An ice beast (D:8)
  A boggart (D:12)
  A centaur (D:6)
  A bullfrog (D:10)
  5 wights
  2 killer bees (D:9)
  A howler monkey (D:5)
  2 lava snakes (D:9)
  An iguana (D:6)
  2 orc wizards
  A gnoll (D:8)
  A worm (D:5)
  3 orcs
  2 goblins (D:7)
  3 kobolds (Bailey)
38 creatures vanquished.

Vanquished Creatures (others)
  2 boggarts (D:12)
  8 hexers
  14 fungi (D:10)
  16 plants (D:10)
40 creatures vanquished.

Grand Total: 344 creatures vanquished

Notes
Turn   | Place    | Note
-------+----------+-------------------------------------------
     0 | D:1      | Demosthentine the Demonspawn Gladiator began the quest for
                  | the Orb.
     0 | D:1      | Reached XP level 1. HP: 16/16 MP: 1/1
   125 | D:1      | Gained mutation: You have a small tail. [demonic ancestry]
   125 | D:1      | Reached XP level 2. HP: 22/22 MP: 2/2
   439 | D:1      | Reached skill level 1 in Armour
   469 | D:1      | Gained mutation: You are partially covered in sharp spines.
                  | [demonic ancestry]
   469 | D:1      | Reached XP level 3. HP: 28/28 MP: 3/3
   572 | D:1      | Found a faded altar of an unknown god.
  1314 | D:3      | Gained mutation: You are partially covered in molten
                  | scales. (AC +2) [demonic ancestry]
  1314 | D:3      | Reached XP level 4. HP: 34/34 MP: 4/4
  1326 | D:3      | Found a glowing drain.
  1344 | Sewer    | Entered a sewer
  1371 | Sewer    | Noticed a kobold brigand
  1383 | Sewer    | Killed a kobold brigand
  1384 | Sewer    | Reached skill level 3 in Fighting
  1384 | Sewer    | Reached XP level 5. HP: 32/41 MP: 5/5
  1660 | Sewer    | Reached XP level 6. HP: 41/48 MP: 6/6
  2012 | Sewer    | Reached skill level 4 in Fighting
  2600 | D:3      | Reached XP level 7. HP: 54/54 MP: 7/7
  2844 | D:3      | Found a runed translucent gate.
  2844 | D:3      | Found a runed translucent gate.
  2844 | D:3      | Found a runed translucent gate.
  2845 | D:3      | Noticed osoart's ghost (amateur GnWn)
  2890 | D:3      | Noticed Jessica
  2897 | D:3      | Killed Jessica
  2993 | D:3      | Noticed Robin
  3001 | D:3      | Killed Robin
  3266 | D:3      | Gained mutation: You have sharp toenails. [potion of
                  | mutation]
  3266 | D:3      | Gained mutation: You are dopey. (Int -2) [potion of
                  | mutation]
  3285 | D:3      | Killed osoart's ghost
  3406 | D:4      | Found a staircase to the Ecumenical Temple.
  3434 | Temple   | Entered the Ecumenical Temple
  3604 | Temple   | Became a worshipper of Hepliaklqana the Forgotten
  4219 | D:5      | Entered Level 5 of the Dungeon
  4409 | D:5      | Reached * piety under Hepliaklqana
  4457 | D:5      | Reached skill level 5 in Polearms
  4462 | D:5      | Reached skill level 5 in Fighting
  4462 | D:5      | Reached skill level 5 in Dodging
  4462 | D:5      | Reached XP level 8. HP: 51/55 MP: 8/8
  4730 | D:5      | Identified the ring "Gedojyda" {Ice Will+ Dex+2}
  4950 | D:5      | Found a bloodstained altar of Trog.
  5312 | D:6      | Reached ** piety under Hepliaklqana
  5320 | D:6      | Remembered your ancestor Vusi as a hexer
  5340 | D:6      | Found an iron altar of Okawaru.
  5343 | D:6      | Found a burning altar of Makhleb.
  5348 | D:6      | Found a basalt altar of Yredelemnul.
  5753 | D:7      | Reached skill level 6 in Fighting
  5753 | D:7      | Reached skill level 5 in Armour
  5838 | D:7      | Gained mutation: You sometimes gain a little power by
                  | taking damage. [demonic ancestry]
  5838 | D:7      | Reached XP level 9. HP: 21/62 MP: 9/9
  5908 | D:7      | Found a flagged portal.
  5923 | Bailey   | Entered a bailey
  6210 | Bailey   | Reached skill level 7 in Fighting
  6259 | Bailey   | Found a bloodstained altar of Trog.
  6405 | D:7      | Found Baud's Antique Weapon Boutique.
  6672 | D:7      | Reached *** piety under Hepliaklqana
  7006 | D:8      | Noticed Joseph
  7016 | D:8      | Killed Joseph
  7017 | D:8      | Reached skill level 1 in Invocations
  7049 | D:8      | Gained mutation: You have a tail ending in a sharp stinger.
                  | [demonic ancestry]
  7049 | D:8      | Reached XP level 10. HP: 34/71 MP: 11/11
  7559 | D:8      | Found Dexyew's Antique Weapon Boutique.
  7622 | D:8      | Found Kitunny's Assorted Antiques.
  7682 | D:8      | Found Vocs's Assorted Antiques.
  7698 | D:8      | Bought a scroll of identify for 46 gold pieces
  7698 | D:8      | Bought a scroll of identify for 46 gold pieces
  7848 | D:8      | Found Etuinaoqi's Jewellery Emporium.
  7963 | D:9      | Found a shimmering altar of Xom.
  8027 | D:9      | Found a staircase to the Orcish Mines.
  8125 | D:9      | Reached skill level 8 in Fighting
  8204 | D:9      | Noticed a two-headed ogre
  8212 | D:9      | Killed a two-headed ogre
  8272 | D:9      | Reached **** piety under Hepliaklqana
  8290 | D:9      | Reached skill level 5 in Invocations
  8359 | D:9      | Found Ollyjun's Jewellery Boutique.
  8494 | D:9      | Found a shimmering blue altar of Sif Muna.
  8558 | D:9      | Noticed a molten gargoyle
  8560 | D:9      | Noticed a molten gargoyle
  8569 | D:9      | Killed a molten gargoyle
  8582 | D:9      | Killed a molten gargoyle
  8758 | D:9      | Noticed a molten gargoyle
  8761 | D:9      | Noticed a molten gargoyle
  8772 | D:9      | Killed a molten gargoyle
  8787 | D:9      | Killed a molten gargoyle
  9086 | D:9      | Noticed a two-headed ogre
  9093 | D:9      | Killed a two-headed ogre
  9094 | D:9      | Reached XP level 11. HP: 63/78 MP: 15/15
  9300 | D:10     | Entered Level 10 of the Dungeon
  9361 | D:10     | Noticed Gastronok
  9374 | D:10     | Killed Gastronok
  9375 | D:10     | Reached skill level 9 in Fighting
  9674 | D:10     | Found a staircase to the Lair.
  9716 | D:10     | Found a portal to a secret trove of treasure.
 10452 | D:11     | Reached ***** piety under Hepliaklqana
 11071 | D:12     | Reached skill level 10 in Fighting
 11140 | D:12     | Noticed a brown ugly thing
 11149 | D:12     | Noticed a boulder beetle
 11153 | D:12     | Killed a brown ugly thing
 11169 | D:12     | Killed a boulder beetle
 11170 | D:12     | Reached XP level 12. HP: 68/87 MP: 13/18
 11603 | D:12     | Noticed Erolcha
 11621 | D:12     | Noticed a two-headed ogre
 11625 | D:12     | HP: 4/88 [fire elemental[a deep elf pyromancer] (9)]
 11625 | D:12     | Slain by a fire elemental

Illustrated notes

Levels and vault maps discovered:
D:1:      amcnicky_arrival_underground_garden, layout_basic,
          dreamdust_ecumenical_altar_angels_and_demons
D:2:      layout_rooms
D:3:      layout_loops_ring, gup_sewer_entry_glass, gammafunk_ghost_split,
          uniq_jessica, uniq_robin
D:4:      layout_basic, minmay_temple_entry_trees
D:5:      layout_gridville, trog_three_pillars_becter
D:6:      layout_cave_pools, grunt_temple_overflow_diamond
D:7:      layout_cave_pods, enter_bailey_3, serial_shops,
          nicolae_shop_waterfront, hangedman_decor_points
D:8:      layout_basic, serial_shops, nicolae_shop_stone, shop,
          nicolae_shop_stone, nicolae_lakefront_shop, uniq_joseph
D:9:      layout_roguey, mainiacjoe_overflow_alcove_1, kennysheep_mini_moat,
          orc_0_dummy, serial_shops, shop_coins, minivault_8
D:10:     layout_loops_ring, due_lair_maze_entry_diamond,
          nicolae_trove_entry_crossroad, hangedman_decor_peaks_small,
          nicolae_titane, uniq_gastronok
D:11:     layout_roguey
D:12:     layout_irregular_city, kennysheep_another_room, st_stairs_3,
          corexii_hall_statues_x, uniq_jorgrun, uniq_erolcha, uniq_frances
Temple:   eino_temple_rhombus

Skill      XL: |  1  2  3  4  5  6  7  8  9 10 11 |
---------------+----------------------------------+-----
Dodging        | 3 4 5 6 7 8 9 |  9.8
Polearms       | 3 4 5 6 7 8 9 |  9.8
Armour         | 1 2 3 4 5 6 |  6.1
Fighting       | 3 4 5 6 7 8 10 | 10.4
Invocations    | 2 6 9 |  9.8
Throwing       | |  1.7

Action                     |  1- 3 |  4- 6 |  7- 9 | 10-12 || total
---------------------------+-------+-------+-------+-------++-------
  Melee: Trident           |   102 |   163 |       |       ||   265
         Tailslap          |     7 |    17 |    42 |    71 ||   137
         Punch             |     1 |     2 |     3 |     4 ||    10
         Spear             |       |     4 |   406 |   499 ||   909
  Throw: Throwing net      |       |       |       |     2 ||     2
 Invoke: Ancestor Life: He |       |       |     1 |       ||     1
         Recall Ancestor   |       |       |       |     1 ||     1
    Use: Scroll            |     7 |     2 |    10 |     5 ||    24
         Potion            |       |       |     7 |     4 ||    11
   Stab: Sleeping          |     1 |       |     3 |       ||     4
         Distracted        |     1 |       |     3 |     5 ||     9
         Confused          |       |       |     4 |    11 ||    15
         Held in net/web   |       |       |       |     2 ||     2
 Armour: Leather armour    |    16 |    47 |    70 |    26 ||   159
         Troll leather arm |       |       |       |    97 ||    97
  Dodge: Dodged            |    33 |    76 |   191 |   252 ||   552

Table legend: (Time is in decaauts)
 A = Elapsed time spent in this place.
 B = Non-inter-level travel time spent in this place.
 C = Inter-level travel time spent in this place.
 D = Time resting spent in this place.
 E = Time spent auto-exploring this place.
 F = Levels seen in this place.
 G = Mean time per level.
                   A        B        C        D        E       F      G
               +--------+--------+--------+--------+--------+-----+--------+
         Total |  11648 |  11168 |    480 |    227 |   8644 |  15 |  776.5 |
       Dungeon |   9774 |   9294 |    480 |    220 |   7335 |  12 |  814.5 |
        Temple |    176 |    176 |      0 |      0 |    141 |   1 |  176.0 |
         Sewer |   1300 |   1300 |      0 |      0 |    910 |   1 | 1300.0 |
        Bailey |    396 |    396 |      0 |      7 |    257 |   1 |  396.0 |
               +--------+--------+--------+--------+--------+-----+--------+

Top non-repeatable levels by time:
     D:9: 1333 daAuts
   Sewer: 1300 daAuts
     D:1: 935 daAuts
    D:10: 935 daAuts
     D:8: 897 daAuts
     D:7: 848 daAuts
     D:5: 816 daAuts
     D:3: 813 daAuts
     D:4: 705 daAuts
    D:11: 680 daAuts
     D:6: 678 daAuts
    D:12: 598 daAuts
     D:2: 532 daAuts
  Bailey: 396 daAuts
  Temple: 176 daAuts
